Map: Magannatha LE

Players

Maru - Winner!

  • Race: Terran Terran
  • Spawn Location: 11:00

Reynor

  • Race: Zerg Zerg
  • Spawn Location: 5:00

Event: Esports World Cup 2025

VOD

Have the link to the VOD?

Description

Time

  • Played on: July 23, 2025, 9:52 a.m.
  • Length: 8:23

All games in this series

Show
View Real Time Build Order
Export as new Build Order

Maru Terran - Winner!

Build Orders: 2 Factory, Command Center First, Hellion Opening 

Get SALT Encoding   

  12  0:00  SCV  
  13  0:12  SCV  
  14  0:17  Supply Depot  
  14  0:24  SCV  
  15  0:38  SCV  
  16  0:51  SCV  
  17  0:58  Command Center  
  17  1:03  SCV  
  18  1:11  Barracks  
  18  1:15  SCV  
  19  1:21  Refinery  
  19  1:27  SCV  
  19  1:28  Refinery  
  20  1:39  SCV  
  21  1:51  SCV  
  22  1:58  Marine  
  23  2:04  Orbital Command  
  23  2:10  Orbital Command  
  23  2:11  Factory  
  23  2:18  Barracks Reactor  
  23  2:29  SCV  
  24  2:36  Factory  
  24  2:37  SCV  
  24  2:41  SCV  
  26  2:46  Supply Depot  
  26  2:49  SCV  
  27  2:53  SCV  
  27  2:58  Factory  
  28  3:02  Hellion x2  
  28  3:04  SCV  
  33  3:07  SCV  
  34  3:14  Marine  
  34  3:16  SCV  
  34  3:19  Factory Tech Lab, SCV  
  37  3:27  Hellion x2, Supply Depot  
  41  3:30  SCV  
  41  3:32  Barracks Tech Lab  
  42  3:35  SCV  
  42  3:38  Cyclone  
  42  3:39  Mag-Field Accelerator  
  46  3:49  Hellion x2, SCV  
  46  3:55  SCV  
  52  3:58  Supply Depot, Infernal Pre-Igniter  
  52  4:02  Hellion  
  54  4:10  Supply Depot  
  54  4:18  Supply Depot  
  54  4:20  Hellion x2, SCV x2, Bunker  
  60  4:25  Supply Depot  
  60  4:26  Marine  
  61  4:32  SCV  
  61  4:38  SCV  
  62  4:40  Cyclone  
  62  4:42  Cyclone  
  62  4:46  SCV  
  62  4:47  Hellion x2  
  66  4:57  Marine  
  60  5:08  Hellion  
  60  5:10  Hellion, SCV  
  60  5:12  Cyclone  
  62  5:18  Supply Depot  
  61  5:22  SCV  
  61  5:27  Supply Depot  
  62  5:42  Orbital Command, Supply Depot  
  57  5:59  Hellion x2, SCV  
  62  6:10  Cyclone x2, SCV  
  70  6:11  SCV  
  70  6:12  Supply Depot  
  70  6:14  Factory  
  70  6:17  Barracks Tech Lab  
  70  6:22  SCV  
  70  6:23  SCV  
  64  6:33  Hellion  
  64  6:34  Hellion, SCV  
  69  6:40  SCV  
  69  6:44  Cyclone  
  69  6:46  SCV  
  74  6:51  Cyclone  
  77  6:55  SCV  
  77  6:58  SCV  
  79  7:02  Supply Depot  
  79  7:07  SCV  
  80  7:10  SCV  
  80  7:12  Hellion  
  83  7:21  Hellion, Supply Depot  
  83  7:28  SCV  
  84  7:31  Cyclone  
  84  7:32  SCV  
  88  7:40  Cyclone, SCV  
  88  7:43  Supply Depot, Factory  
  92  7:48  SCV  
  91  7:52  Hellion x2  
  91  7:53  SCV  
  91  7:56  Supply Depot  
  96  8:00  SCV  
  100  8:06  SCV  
  103  8:17  Supply Depot  
Show
View Real Time Build Order
Export as new Build Order

Reynor Zerg 

Build Orders: Pool First 

Get SALT Encoding   

  12  0:01  Drone  
  13  0:08  Drone  
  14  0:16  Overlord  
  14  0:23  Extractor  
  14  0:24  Drone  
  15  0:36  Drone x2  
  15  0:42  Extractor  
  16  0:44  Drone  
  17  0:50  Spawning Pool  
  17  0:55  Drone  
  17  1:05  Drone  
  18  1:16  Hatchery  
  17  1:20  Drone  
  18  1:36  Queen  
  18  1:37  Zergling x2  
  21  1:43  Metabolic Boost  
  21  1:50  Overlord  
  21  1:53  Drone  
  22  2:08  Drone  
  23  2:10  Drone  
  23  2:12  Queen  
  26  2:21  Drone  
  27  2:28  Drone, Queen  
  30  2:32  Drone  
  31  2:39  Drone  
  31  2:43  Zergling x2  
  33  2:44  Overlord  
  33  2:50  Lair  
  33  2:52  Drone  
  33  2:54  Zergling x2  
  33  2:57  Zergling x2  
  36  3:02  Overlord  
  36  3:04  Zergling x2  
  37  3:08  Zergling x2  
  37  3:12  Zergling x2  
  39  3:13  Pneumatized Carapace  
  39  3:17  Zergling x2  
  40  3:20  Zergling x4  
  40  3:24  Zergling x4  
  44  3:28  Overlord  
  44  3:33  Zergling x2  
  45  3:41  Zergling x8  
  49  3:49  Zergling x2  
  49  3:50  Zergling x2  
  49  3:55  Queen  
  53  4:02  Zergling x8  
  57  4:07  Zergling x2  
  58  4:12  Zergling x2  
  59  4:19  Zergling x2  
  59  4:23  Overlord  
  60  4:27  Overseer  
  60  4:28  Overlord  
  60  4:38  Queen  
  58  4:41  Overlord  
  58  4:43  Zergling x8  
  56  4:46  Zergling x2  
  50  4:53  Zergling x2  
  50  4:54  Queen  
  50  4:56  Zergling x2  
  51  5:03  Drone  
  51  5:06  Drone  
  53  5:14  Drone  
  53  5:17  Drone  
  53  5:20  Queen  
  57  5:27  Drone  
  57  5:30  Drone  
  58  5:36  Zergling x2, Hatchery  
  58  5:39  Zergling x2  
  59  5:47  Zergling x2  
  59  5:49  Spine Crawler  
  59  5:50  Zergling x2  
  59  5:54  Overlord x2  
  59  5:55  Overlord  
  54  6:00  Evolution Chamber  
  54  6:01  Baneling Nest  
  52  6:10  Overlord  
  52  6:13  Zergling x8  
  52  6:16  Zergling x2  
  57  6:18  Zergling x2  
  58  6:28  Zergling x6  
  59  6:33  Zergling x8  
  59  6:39  Zergling x2  
  63  6:45  Zergling x2  
  63  6:47  Baneling x5  
  64  6:50  Zergling x2  
  64  6:52  Zergling x2  
  64  6:54  Zergling x2  
  69  6:56  Zergling x4  
  69  6:57  Zergling x2  
  69  6:59  Drone  
  71  7:02  Drone x3  
  71  7:03  Drone  
  73  7:09  Overlord  
  73  7:14  Drone  
  73  7:22  Drone, Hatchery  
  72  7:28  Drone x2  
  68  7:31  Zergling x8  
  68  7:34  Zergling x2  
  73  7:40  Zergling x2  
  73  7:42  Zergling x2  
  74  7:49  Zergling x2  
  75  7:54  Zergling x2  
  75  7:55  Zergling x2  
  77  8:00  Zergling x6  
  77  8:02  Hatchery  
  77  8:03  Overlord  
  77  8:08  Drone x3  
Tags
 
Add a new tag
Caveats
  • Supply blocks, unpowered buildings, or Contaminate may cause inaccurate times.
  • Supply counts are checked every 10 seconds.